 Dungeon Crawl Stone Soup version 0.31-a0-988-g08d55dae12 (webtiles) character file.

Game seed: 5761979757678433267

195 Pixllover the Chopper (level 5, -2/47 HPs)
             Began as a Hill Orc Monk on Nov 4, 2023.
             Slain by a gnoll bouda
             ... wielding a +0 whip
              (8 damage)
             ... on level 4 of the Dungeon.
             The game lasted 00:03:46 (2444 turns).

Pixllover the Chopper (Hill Orc Monk)               Turns: 2444, Time: 00:03:50

Health: -2/47      AC:  3    Str: 16    XL:     5   Next: 74%
Magic:  5/5        EV: 13    Int: 10    God:
Gold:   163        SH:  0    Dex: 13    Spells: 4/4 levels left

rFire   . . .        w - +0 broad axe
rCold   . . .        d - orb {light}
rNeg    . . .        b - +0 robe
rPois   .            g - +0 helmet
rElec   .            (no cloak)
rCorr   .            (no gloves)
SInv    .            (no boots)
Will    .....        (no amulet)
Stlth   +            (no ring)
HPRegen 0.27/turn    (no ring)
MPRegen 0.09/turn

%: no passive effects
@: weakened, glowing
A: no striking features
a: no special abilities


You were on level 4 of the Dungeon.
You visited 1 branch of the dungeon, and saw 4 of its levels.

You collected 163 gold pieces.

Inventory:

Hand Weapons
 a - a +0 hand axe
 w - a +0 broad axe (weapon)
Missiles
 e - 9 poisoned darts (quivered)
Armour
 b - a +0 robe (worn)
 d - an orb of light (worn)
 g - a +0 helmet (worn)
Wands
 q - a wand of charming (12)
Scrolls
 h - 2 scrolls of identify
 j - a scroll of vulnerability
 k - a scroll of fog {unknown}
 m - a scroll of fear {unknown}
 r - 2 scrolls of amnesia {unknown}
 s - a scroll of enchant weapon {unknown}
 u - a scroll of poison {unknown}
 v - a scroll of noise {unknown}
Potions
 c - 2 potions of ambrosia
 f - 2 potions of mutation {unknown}
 i - 5 potions of curing
 l - a potion of invisibility {unknown}
 n - a potion of heal wounds {unknown}
 o - 3 potions of attraction {unknown}
 p - a potion of might {unknown}
 t - 2 potions of degeneration {unknown}


   Skills:
 + Level 4.7 Fighting
 + Level 6.4 Axes
 + Level 3.3 Dodging
 + Level 0.2 Stealth


You had 4 spell levels left.
You didn't know any spells.
Your spell library contained the following spells:

 Spells                   Type           Power      Damage    Failure   Level
 Kiss of Death            Conj/Necr      0%         2d5       36%         1
 Sandblast                Erth           0%         2d4       36%         1
 Passwall                 Tmut/Erth      0%         N/A       50%         2
 Confusing Touch          Hex            0%         N/A       75%         3
 Stone Arrow              Conj/Erth      0%         3d7       75%         3
 Brom's Barrelling Bould  Conj/Erth      0%         2d3       98%         4
 Dispel Undead            Necr           0%         3d6       98%         4


Dungeon Overview and Level Annotations

Branches:
Dungeon (4/15)
 Temple: D:4-7

Altars:
Makhleb
Wu Jian

Shops:
D:1 ?


Message History

You barely miss the gnoll. The gnoll closely misses you.
The gnoll bouda misses you. The jackal bites you. The gnoll misses you.
Unknown command.
You slash the jackal!
You kill the jackal!
You hit the gnoll. You hit the gnoll bouda.
The gnoll bouda calls upon its god to heal the gnoll.
The gnoll is healed somewhat.
The gnoll barely misses you.
You barely miss the gnoll bouda.
The gnoll bouda is heavily wounded.
You barely miss the jackal. You hit the gnoll but do no damage.
The gnoll bouda hits you with a +0 whip.
The jackal bites you. The gnoll misses you. The gnoll bouda closely misses you.
The jackal bites you but does no damage.
You barely miss the gnoll bouda.
The gnoll bouda is heavily wounded.
You hit the gnoll. You hit the jackal. The jackal barely misses you.
The gnoll hits you with a +0 club!
* * * LOW HITPOINT WARNING * * *
The gnoll bouda closely misses you. The jackal barely misses you.
You closely miss the jackal.
The jackal is almost dead.
You hit the gnoll bouda. You hit the jackal.
You hit the gnoll but do no damage.
Your attacks no longer feel as feeble.
The jackal bites you but does no damage.
The gnoll hits you with a +0 club.
* * * LOW HITPOINT WARNING * * *
The jackal misses you.
The gnoll bouda hits you with a +0 whip.
* * * LOW HITPOINT WARNING * * *
The jackal closely misses you. The jackal misses you.
The gnoll barely misses you.
It was a potion of curing.
You feel better.
The gnoll is no longer moving quickly.
The jackal bites you but does no damage.
The gnoll bouda gazes fiercely through you!
You feel your attacks grow feeble.
The gnoll bouda hits you with a +0 whip!
You die...

..............#.....##
..............#..>...#
......................
......................
......................
..............#.....#
....................##
........#..ggh)......#
.......##..h@).).##$##
.....###......##.......
....# #................
.... #.......##.......
... #.......[# ....# ..
.........####..###
...........#......
...<.....#........
........#........


You could see a gnoll bouda, a gnoll and 2 jackals.

Vanquished Creatures
  A howler monkey (D:4)
  4 gnolls (D:4)
  4 adders
  A worm (D:2)
  A dart slug (D:2)
  2 orcs
  6 bats
  4 endoplasms
  6 giant cockroaches
  6 goblins
  5 hobgoblins
  5 jackals
  2 quokkas (D:2)
  9 ball pythons
  5 frilled lizards
  5 kobolds
  2 rats
68 creatures vanquished.

Notes
Turn   | Place    | Note
-------+----------+-------------------------------------------
     0 | D:1      | Pixllover the Hill Orc Monk began the quest for the Orb.
     0 | D:1      | Reached XP level 1. HP: 19/19 MP: 1/1
    48 | D:1      | Reached XP level 2. HP: 21/27 MP: 2/2
   193 | D:1      | Found Xof Wiri's Magic Scroll Boutique.
   357 | D:1      | Reached XP level 3. HP: 33/33 MP: 3/3
   874 | D:2      | Reached skill level 5 in Axes
  1030 | D:2      | Reached XP level 4. HP: 38/40 MP: 4/4
  1759 | D:3      | Found a burning altar of Makhleb.
  1775 | D:3      | Identified the +0 robe "Qaumiorch" {-Cast +Blink rElec
                  | rN++}
  2120 | D:3      | Found an ornate altar of the Wu Jian Council.
  2429 | D:4      | Reached skill level 6 in Axes
  2429 | D:4      | Reached XP level 5. HP: 43/47 MP: 5/5
  2443 | D:4      | HP: 1/47 [gnoll bouda/+0 whip (6)]
  2444 | D:4      | Slain by a gnoll bouda

Illustrated notes

Levels and vault maps discovered:
D:1:      sevenhm_arrival_forest_fort_small_3, layout_basic, serial_shops, shop
D:2:      layout_basic, minivault_23
D:3:      layout_basic, bloody_makhleb, lemuel_crystal_altar
D:4:      layout_cave_pools, lemuel_tele_altar, minmay_temple_entry_antechambers

Skill      XL: |  1  2  3  4 |
---------------+-------------+-----
Fighting       | 4 |  4.7
Axes           | 5 6 |  6.4
Dodging        | 3 |  3.3
Stealth        | |  0.2

Action                     |  1- 3 |  4- 6 || total
---------------------------+-------+-------++-------
  Melee: Hand axe          |    93 |    88 ||   181
         Broad axe         |       |    17 ||    17
    Use: Scroll            |     1 |       ||     1
         Potion            |       |     1 ||     1
 Armour: Robe              |    62 |    78 ||   140
  Dodge: Dodged            |    70 |    90 ||   160

Table legend: (Time is in decaauts)
 A = Elapsed time spent in this place.
 B = Non-inter-level travel time spent in this place.
 C = Inter-level travel time spent in this place.
 D = Time resting spent in this place.
 E = Time spent auto-exploring this place.
 F = Levels seen in this place.
 G = Mean time per level.
                   A        B        C        D        E       F      G
               +--------+--------+--------+--------+--------+-----+--------+
         Total |   2456 |   2413 |     43 |     98 |   1555 |   4 |  614.0 |
       Dungeon |   2456 |   2413 |     43 |     98 |   1555 |   4 |  614.0 |
               +--------+--------+--------+--------+--------+-----+--------+

Top non-repeatable levels by time:
     D:1: 864 daAuts
     D:2: 797 daAuts
     D:3: 676 daAuts
     D:4: 117 daAuts
